 Dungeon Crawl Stone Soup version 0.20.0 (webtiles) character file.

141 MatthieuS the Slasher (level 5, -2/41 HPs)
             Began as a Human Monk on June 20, 2017.
             Slain by Menkaure (23 damage)
             ... on level 4 of the Dungeon.
             The game lasted 00:05:48 (2948 turns).

MatthieuS the Slasher (Human Monk)                  Turns: 2948, Time: 00:05:49

Health: -2/41      AC:  3    Str: 11    XL:     5   Next: 48%
Magic:  5/5        EV: 12    Int: 12    God:
Gold:   123        SH:  3    Dex: 15    Spells: 4/4 levels left

rFire    . . .     SeeInvis +   a - +0 falchion
rCold    . . .     Gourm    .   t - +0 buckler
rNeg     . . .     Faith    .   d - +0 leather armour
rPois    .         Spirit   .   (no helmet)
rElec    .         Reflect  .   (no cloak)
rCorr    .         Harm     .   (no gloves)
MR       .....                  (no boots)
Stlth    ++........             (no amulet)
Regen    0.2/turn               x - ring of wizardry
MPRegen  0.1/turn               r - ring of see invisible

@: no status effects
A: no striking features
a: no special abilities


You were on level 4 of the Dungeon.
You were not hungry.

You visited 1 branch of the dungeon, and saw 4 of its levels.

You collected 123 gold pieces.

Inventory:

Hand Weapons
 a - a +0 falchion (weapon)
 w - a +0 hunting sling
Missiles
 b - 9 poisoned needles
 g - 88 stones (quivered)
 l - 18 sling bullets
 q - 7 curare-tipped needles
Armour
 d - a +0 leather armour (worn)
 t - a +0 buckler (worn)
Jewellery
 i - an uncursed ring of magical power
 r - a ring of see invisible (right hand)
 v - an uncursed ring of positive energy
 x - a ring of wizardry (left hand)
Scrolls
 e - 2 scrolls of recharging {unknown}
 k - 2 scrolls of identify {unknown}
 m - a scroll of remove curse {unknown}
 o - a scroll of magic mapping {unknown}
 p - 2 scrolls of amnesia {unknown}
Potions
 h - a potion of heal wounds {unknown}
 j - 3 potions of curing {unknown}
 s - a potion of mutation {unknown}
Comestibles
 c - 2 bread rations
 f - a meat ration
 n - a fruit
 u - a chunk of flesh


   Skills:
 + Level 3.6 Fighting
 + Level 3.6 Long Blades
 + Level 2.6 Slings
 + Level 1.1 Armour
 + Level 3.5 Dodging
 + Level 2.1 Stealth


You had 4 spell levels left.
You didn't know any spells.

Dungeon Overview and Level Annotations

Branches:
Dungeon (4/15)
 Temple: D:4-7

Altars:
Hepliaklqana

Annotations:
D:4 Menkaure


Message History

Found a flail.
Menkaure, Prince of Dust comes into view.
Wield which item (- for none, * to show all)? (? for menu, Esc to quit)
a - a +0 falchion (weapon)
You hit Menkaure.
Menkaure is lightly damaged.
Menkaure hits you!!
You barely miss Menkaure.
Menkaure is lightly damaged.
Menkaure closely misses you.
You hit Menkaure.
Menkaure is moderately damaged.
Menkaure breathes soot at you.
Menkaure gestures wildly while chanting.
Menkaure seems to speed up.
You barely miss Menkaure.
Menkaure is moderately damaged.
Menkaure hits you!!
Ouch! That really hurt!
You die...

# #### # #
#.#..###.#
##.#.#......#
#.......<...#
.##..@.##..#
##M#..# ..#
#.#..# .<.
#...... ...
###..#.. ..
........ .
........
..#...).


You could see Menkaure.

Vanquished Creatures
  4 adders
  An ooze (D:3)
  A worm (D:3)
  5 dart slugs
  4 leopard geckos
  2 orcs (D:3)
  7 giant cockroaches
  9 hobgoblins
  11 jackals
  A quokka (D:2)
  11 bats
  5 frilled lizards
  6 goblins
  4 kobolds
  6 rats
77 creatures vanquished.

Notes
Turn   | Place    | Note
-------+----------+-------------------------------------------
     0 | D:1      | MatthieuS the Human Monk began the quest for the Orb.
     0 | D:1      | Reached XP level 1. HP: 18/18 MP: 1/1
   124 | D:1      | Reached XP level 2. HP: 24/24 MP: 2/2
   370 | D:1      | Reached XP level 3. HP: 29/29 MP: 3/3
   924 | D:2      | Reached XP level 4. HP: 17/35 MP: 4/4
  1214 | D:2      | Reached skill level 1 in Slings
  2098 | D:3      | Reached XP level 5. HP: 41/41 MP: 5/5
  2529 | D:3      | Reached skill level 1 in Armour
  2639 | D:3      | Found a hazy altar of Hepliaklqana.
  2943 | D:4      | Noticed Menkaure
  2948 | D:4      | Slain by Menkaure

Skill      XL: |  1  2  3  4  5 |
---------------+----------------+-----
Slings         | 2 |  2.6
Armour         | 1 |  1.1
Fighting       | |  3.6
Long Blades    | |  3.6
Dodging        | |  3.5
Stealth        | |  2.1

Action                   |  1- 3 |  4- 6 || total
-------------------------+-------+-------++-------
Melee: Falchion          |    79 |    11 ||    90
 Fire: Hunting sling     |    26 |   170 ||   196
 Stab: Sleeping          |     3 |       ||     3
  Eat: Chunk             |       |     6 ||     6
Armor: Leather armour    |    32 |    31 ||    63
Dodge: Dodged            |    76 |    79 ||   155
Block: Buckler           |       |     3 ||     3
       Rpst.: Falchion   |    21 |     4 ||    25
